 Dungeon Crawl Stone Soup version 0.18.1-1-g2f07953 (webtiles) character file.

2677064 Tiruin the Hoplite (level 27, 235/235 HPs)
             Began as a Formicid Fighter on May 15, 2016.
             Was the Champion of the Shining One.
             Escaped with the Orb
             ... and 5 runes on May 22, 2016!
             The game lasted 14:49:23 (97617 turns).

Tiruin the Hoplite (Formicid Fighter)              Turns: 97617, Time: 14:49:23

Health: 235/235    AC: 38    Str: 42    XL:     27
Magic:  34/34      EV: 26    Int: 14    God:    the Shining One [******]
Gold:   6333       SH: 38    Dex: 18    Spells: 9 memorised, 19 levels left

rFire  + + .     SeeInvis +     q - +9 triple sword (elec)
rCold  + . .     Gourm    .     t - +7 gold dragon armour
rNeg   + + +     Faith    .     F - +1 large shield of Riraamir {*Contam +Fly Str+7}
rPois  +         Spirit   .     (helmet unavailable)
rElec  +         Dismiss  .     A - +0 cloak of Imperfection {rPois rF+}
rCorr  .         Reflect  +     Z - +1 pair of gloves {Dex+3}
SustAt .         Harm     .     z - +0 pair of boots {Stlth+}
MR     +++++                    y - brooch of Shielding {Reflect SH+8}
Stlth  +.........               T - ring of Yvit {MR+ Str+4 Int+4 Dex+6 Stlth+}
                                p - ring "Ydoh" {rElec EV+4 Dex-2 Slay+3}

@: glowing, almost entirely resistant to hostile enchantments, very unstealthy
A: permanent stasis, dig shafts and tunnels, four strong arms, antennae 3, low
mp 1, magic resistance 2, screaming 1, evolution 2, sturdy frame 1
a: Dig, Shaft Self, Divine Shield, Cleansing Flame, Summon Divine Warrior,
Renounce Religion, Evoke Flight
0: Orb of Zot
}: 5/15 runes: serpentine, barnacled, slimy, silver, abyssal


You escaped.
You worshipped the Shining One.
The Shining One was exalted by your worship.
You were very full.

You visited 15 branches of the dungeon, and saw 67 of its levels.
You visited the Abyss 1 time.
You visited 1 ziggurat, and saw 9 of its levels.
You also visited: Trove, Sewer, Ice Cave, Volcano and Wizlab.

You collected 9308 gold pieces.
You spent 2831 gold pieces at shops.
You donated 144 gold pieces to Zin.

Inventory:

Hand Weapons
 a - the +5 great sword "Ohuduras" {flame, rF+ MR+}
   (You bought it in a shop on level 2 of the Orcish Mines)

   It has been specially enchanted to burn those struck by it, causing extra
   injury to most foes and up to half again as much damage against particularly
   susceptible opponents.
   Big, fiery blades are also staple armaments of hydra-hunters.
   It protects you from fire.
   It affects your resistance to hostile enchantments.
 q - a +9 triple sword of electrocution (weapon)
 w - a +9 arbalest of freezing
 C - a +5 eudemon blade of holy wrath
 E - a +7 great sword of freezing
Missiles
 g - 6 silver tomahawks (quivered)
 o - 2054 bolts
 D - 8 tomahawks
Armour
 j - a +2 large shield of protection
 t - a +7 gold dragon armour (worn)
 z - a +0 pair of boots of stealth (worn)
 A - the +0 cloak of Imperfection (worn) {rPois rF+}
   (You acquired it on level 2 of the Crypt)

   It protects you from fire.
   It protects you from poison.
 F - the +1 large shield of Riraamir (worn) {*Contam +Fly Str+7}
   (You took it off a daeva on level 3 of the Abyss)

   It affects your strength (+7).
   It lets you fly.
   It causes magical contamination when unequipped.
 Z - a +1 pair of gloves of dexterity (worn)
Jewellery
 p - the ring "Ydoh" (left hand) {rElec EV+4 Dex-2 Slay+3}
   (You found it in a treasure trove)

   [ring of evasion]

   It affects your evasion (+4).
   It affects your dexterity (-2).
   It affects your accuracy and damage with ranged weapons and melee attacks
   (+3).
   It insulates you from electricity.
 y - the brooch of Shielding (around neck) {Reflect SH+8}
   (You found it in an ice cave)

   [amulet of reflection]

   It shields you and reflects attacks.
   It affects your SH (+8).
 T - the ring of Yvit (right hand) {MR+ Str+4 Int+4 Dex+6 Stlth+}
   (You took it off a frost giant on level 4 of the Depths)

   [ring of protection from magic]

   It affects your strength (+4).
   It affects your intelligence (+4).
   It affects your dexterity (+6).
   It affects your resistance to hostile enchantments.
   It makes you more stealthy.
Wands
 b - a wand of confusion (10/48)
 c - a wand of paralysis (14/24)
 m - a wand of slowing (26/48)
 I - a wand of flame (29/48)
 P - a wand of paralysis (18/24)
 Q - a wand of slowing (22/48)
 V - a wand of heal wounds (0/9)
Scrolls
 d - 3 scrolls of holy word
 i - 6 scrolls of magic mapping
 l - a scroll of silence
 n - 2 scrolls of fear
 B - 6 scrolls of fog
 H - 20 scrolls of recharging
 K - 18 scrolls of remove curse
 M - 3 scrolls of amnesia
 N - 3 scrolls of identify
Potions
 e - 10 potions of curing
 h - 12 potions of flight
 k - a potion of agility
 r - 14 potions of brilliance
 s - 4 potions of cancellation
 u - a potion of magic
 v - 3 potions of resistance
 L - 2 potions of might
 U - 3 potions of invisibility
Comestibles
 f - 14 bread rations


   Skills:
 + Level 23.3 Fighting
 + Level 21.9 Long Blades
 - Level 15.0 Crossbows
 + Level 22.7 Armour
 + Level 19.4 Dodging
 - Level 20.0 Stealth
 + Level 24.6 Shields
 - Level 11.0 Spellcasting
 - Level 7.0 Charms
 - Level 4.0 Summonings
 - Level 8.0 Translocations
 - Level 19.0 Invocations


You had 19 spell levels left.
You knew the following spells:

 Your Spells              Type           Power        Failure   Level  Hunger
a - Summon Butterflies    Summ           ###.....     10%         1    None
b - Aura of Abjuration    Summ           ###.......   99%         5    #####..
c - Shroud of Golubria    Chrm/Tloc      ####......   2%          2    None
d - Passage of Golubria   Tloc           N/A          14%         4    ###....
e - Portal Projectile     Tloc           ####..       4%          3    None
f - Silence               Hex/Air        #.........   100%        5    #####..
g - Song of Slaying       Chrm           ####....     2%          2    None
h - Swiftness             Chrm/Air       ###.....     14%         2    None
i - Metabolic Englaciati  Hex/Ice        #.........   100%        5    #####..


Dungeon Overview and Level Annotations

Branches:
Dungeon (15/15)            Temple (1/1) D:4            Lair (8/8) D:10
 Shoals (4/4) Lair:5        Snake (4/4) Lair:6        Slime (6/6) Lair:6
    Orc (2/2) D:11            Elf (3/3) Orc:2        Vaults (5/5) D:13
  Crypt (3/3) Vaults:2       Tomb (1/3) Crypt:3      Depths (5/5) D:15
   Hell (1/1)                 Dis (4/7) Hell            Geh (0/7) Hell
    Coc (0/7) Hell            Tar (0/7) Hell            Zot (5/5) Depths:5

Altars:
Ashenzari
Cheibriados
Dithmenos
Elyvilon
Fedhas
Gozag
Kikubaaqudgha
Makhleb
Nemelex Xobeh
Okawaru
Pakellas
Qazlal
Ru
Sif Muna
Trog
Vehumet
Xom
Yredelemnul
Zin
The Shining One
Beogh
Jiyva

Shops:
D:8 !   D:13 !   Orc:2 :?*(   Elf:3 %   Vaults:1 %   Vaults:2 :   Vaults:4 *
Depths:1 [((}   Depths:4 !

Portals:
Hell: Depths:1 Depths:2 Depths:3 Depths:4 Depths:5
Abyss: Depths:1 Depths:4
Pandemonium: Depths:3 Depths:4 Depths:5


Innate Abilities, Weirdness & Mutations

You are under a permanent stasis effect.
You can dig through walls and to a lower floor.
Your four strong arms can wield two-handed weapons with a shield.
You have a pair of large antennae on your head (SInv).
Your magical capacity is low (-10% MP).
You are highly resistant to hostile enchantments.
You occasionally shout uncontrollably at your foes.
You rapidly evolve.
Your movements are slightly less encumbered by armour (ER -2).


Message History

The Orb Guardian is severely wounded.
You block the Orb Guardian's attack.
You slash the Orb Guardian!
There is a sudden explosion of sparks!
You kill the Orb Guardian!
Eat which item? (? for menu, Esc to quit)
You continue eating. x2
You finish eating.
That bread ration really hit the spot!
Eat which item? (? for menu, Esc to quit)
You continue eating. x2
You finish eating.
That bread ration really hit the spot!
Wield which item (- for none, * to show all)? (? for menu, Esc to quit)
Okay, then.
Read which item? (? for menu, Esc to quit)
As you read the scroll of fog, it crumbles to dust.
The scroll dissolves into smoke.
There is a staircase leading out of the dungeon here.
Read which item? (? for menu, Esc to quit)
As you read the scroll of fog, it crumbles to dust.
The scroll dissolves into smoke.
You have escaped!

#...............#...##...
#.######.#...##.###.###..
#.# #'.#..##.###......
#.# #.##.>.....#####..
#.# #.##..##.#.# #.. #.#
#§##..##...# ##. #.#
##§##..##.### #.
#.#####§§§#####.# #.
#.+...§§@§§...+.# #.
####..§§§§§..#### ##
##.......## ##.....##
##...## ##.## ###


There were no monsters in sight!

Vanquished Creatures
  the Royal Jelly (Slime:6)
  5 orbs of fire
  An ancient lich (Zig:9)
  A pandemonium lord (Depths:5)
  Mennas (Vaults:5)
  Mara (Depths:4)
  A juggernaut (Depths:4)
  Sojobo (Tomb:1)
  The ghost of Arglure the Spry, a veteran HaAs of Pakellas (Slime:6)
  Saint Roka (Snake:2)
  Boris (Depths:4)
  2 caustic shrikes (Depths:4)
  Vashnia (Snake:1)
  Geryon (Hell)
  Norris (Vaults:1)
  4 Killer Klowns
  A curse toe (Zot:3)
  An iron giant (Dis:4)
  2 bone dragons
  10 golden dragons
  2 electric golems (Zot:5)
  A Brimstone Fiend (Dis:4)
  Jorgrun (Vaults:1)
  An Ice Fiend (Dis:1)
  A Hell Sentinel (Zot:5)
  22 tentacled monstrosities
  23 Orb Guardians
  2 quicksilver dragons
  5 liches
  20 acid blobs
  Asterion (Vaults:1)
  6 titans
  2 deep elf blademasters (Elf:3)
  Gastronok (Lair:1)
  An eldritch tentacle (WizLab)
  A kraken (Shoals:1)
  An Executioner (D:3)
  5 death cobs
  2 tentacled starspawn
  Frances (D:13)
  5 shadow dragons
  10 ancient champions
  9 sphinxes
  11 storm dragons
  9 tengu reavers
  Roxanne (D:15)
  2 daevas (Abyss:3)
  8 greater nagas
  4 draconian monks
  4 revenants (Crypt:3)
  17 azure jellies
  9 fire giants
  2 iron dragons
  2 orc warlords (Orc:1)
  10 frost giants
  14 draconian knights
  A ghost moth (Zot:4)
  7 deep elf sorcerers
  6 draconian shifters
  Maud (Lair:4)
  A cacodemon (Abyss:3)
  13 vault wardens
  5 draconian zealots
  An emperor scorpion (Zig:4)
  3 balrugs
  11 ironheart preservers
  2 curse skulls
  6 deep elf elementalists
  5 spriggan defenders
  9 draconian annihilators
  5 draconian scorchers
  10 ghouls
  17 stone giants
  14 very ugly things
  2 war gargoyles
  2 draconian callers
  19 reapers
  8 vampire knights
  15 green draconians
  4 salamander stormcallers
  11 deep elf annihilators
  9 black draconians
  A lorocyproca (Depths:5)
  2 bennus (Zig:5)
  9 deep elf demonologists
  9 yellow draconians
  3 blood saints (Zig:8)
  8 white draconians
  9 purple draconians
  Azrael (Snake:2)
  7 spark wasps
  13 mottled draconians
  4 red draconians
  Snorg (Lair:3)
  An eidolon (Crypt:1)
  Erolcha (D:11)
  11 ettins
  A green death (Depths:3)
  5 merfolk impalers
  5 blizzard demons
  Josephine (D:11)
  6 deep elf high priests
  2 quicksilver dragon zombies (Dis:2)
  17 fire dragons
  5 crystal guardians
  14 deep elf death magi
  12 jiangshi
  2 mummy priests (Zig:5)
  8 death oozes
  27 vault guards
  4 entropy weavers
  16 great orbs of eyes
  17 yaktaur captains
  Fannar (Lair:2)
  7 hydras
  19 naga warriors
  7 rakshasas
  25 ice dragons
  4 spriggan air magi
  An anaconda (shapeshifter) (Vaults:4)
  17 anacondas
  3 merfolk avatars (Shoals:3)
  16 ogre magi
  2 hell beasts
  A death knight (Crypt:2)
  32 dancing weapons
  15 centaur warriors
  An alligator snapping turtle (shapeshifter) (Vaults:5)
  4 deep troll shamans
  5 hell hogs
  9 deep troll earth magi
  A merfolk aquamancer (Shoals:4)
  A queen ant (shapeshifter) (Depths:4)
  Urug (D:13)
  15 death yaks
  A thrashing horror (WizLab)
  10 tengu warriors
  3 orc high priests
  7 vampire magi
  11 shock serpents
  A storm dragon zombie (Dis:2)
  16 spriggan berserkers
  7 hell knights
  A shock serpent (shapeshifter) (Vaults:5)
  6 soul eaters
  An iron golem (Dis:3)
  10 sun demons
  6 wretched stars
  A storm dragon skeleton (Abyss:3)
  4 fire crabs
  11 naga sharpshooters
  A titan skeleton (Crypt:1)
  The ghost of Tiruin the Fighter, a novice FoFi of the Shining One (D:7)
  An iron troll (Depths:4)
  6 salamander mystics
  20 deep elf knights
  2 golden dragon zombies
  An unseen horror (shapeshifter) (Vaults:2)
  53 skeletal warriors
  4 anaconda zombies
  4 flayed ghosts
  A shadow demon (D:9)
  16 deep trolls
  7 shadow wraiths
  A kraken simulacrum (Hell)
  11 sea snakes
  A deep troll (shapeshifter) (Vaults:5)
  14 orc knights
  4 naga ritualists
  A death drake (shapeshifter) (Depths:4)
  8 giant orange brains
  5 unseen horrors
  A spatial maelstrom (Abyss:3)
  An orange crystal statue (Depths:1)
  9 deep elf archers
  An obsidian statue (WizLab)
  15 hill giants
  12 ironbrand convokers
  10 starcursed masses (Abyss:3)
  5 wizards
  8 harpies
  A gelid demonspawn (Depths:3)
  6 lindwurms
  15 phantasmal warriors
  A putrid demonspawn (Depths:3)
  3 anaconda skeletons
  A sphinx zombie (Vaults:3)
  3 shadow dragon zombies
  3 iron dragon zombies
  3 anubis guards
  An orb spider (Zig:4)
  8 necromancers
  A lindwurm (shapeshifter) (Depths:3)
  A stone giant zombie (Abyss:3)
  4 wolf spider zombies
  7 fauns
  3 hornets
  An orb spider (shapeshifter) (Depths:1)
  10 orc sorcerers
  81 deep elf magi
  A tengu skeleton (Vaults:5)
  11 griffons
  A frost giant zombie (Dis:3)
  45 ugly things
  2 fire giant zombies
  8 wolf spiders
  3 manticores
  16 shining eyes
  12 mana vipers
  20 salamanders
  A moth of wrath (shapeshifter) (Vaults:2)
  5 worldbinders
  A shadow dragon skeleton (Crypt:1)
  A dire elephant zombie (Crypt:1)
  10 cyclopes
  An octopode (shapeshifter) (Depths:4)
  An elephant (shapeshifter) (Zig:6)
  5 sixfirhies
  29 moths of wrath
  3 ice statues
  A fire giant skeleton (Depths:2)
  11 guardian serpents
  3 human skeletons (Vaults:1)
  15 rust devils
  10 sirens
  A stone giant skeleton (Crypt:2)
  27 naga magi
  4 water nymphs
  A guardian serpent (shapeshifter) (Vaults:5)
  4 orange demons
  52 black mambas
  3 eyes of devastation
  An emperor scorpion zombie (Crypt:2)
  13 vault sentinels
  14 spiny frogs
  4 molten gargoyles (D:12)
  2 storm dragon simulacra
  A catoblepas zombie (Dis:4)
  A demonspawn skeleton (WizLab)
  4 gargoyles
  7 smoke demons
  A rime drake (Lair:7)
  3 kobold demonologists (D:10)
  11 hellions
  24 yaktaurs
  5 efreet
  4 komodo dragons
  11 tormentors
  15 freezing wraiths
  2 sea snake zombies (Crypt:2)
  16 ice devils
  A demonic crawler (Depths:5)
  An anaconda simulacrum (Hell)
  3 ancient zymes
  2 human zombies
  2 spriggan druids (Lair:8)
  15 red devils
  8 tengu conjurers
  A hellwing (WizLab)
  A harpy zombie (Dis:2)
  8 guardian mummies
  A jumping spider (shapeshifter) (Abyss:3)
  A polar bear (shapeshifter) (Vaults:2)
  2 polar bears (Lair:8)
  15 merfolk
  A hydra zombie (Crypt:1)
  A green draconian skeleton (Crypt:3)
  22 trolls
  A two-headed ogre (shapeshifter) (Vaults:1)
  29 two-headed ogres
  A troll (shapeshifter) (Vaults:5)
  5 jumping spiders
  A queen bee (Abyss:3)
  2 wind drakes (Shoals:1)
  8 raiju
  An ice dragon zombie (Dis:4)
  2 harpy skeletons
  2 hydra skeletons
  A satyr zombie (Crypt:2)
  159 slime creatures
  2 bog bodies
  A slime creature (shapeshifter) (Vaults:5)
  7 snapping turtles
  2 fire dragon zombies (Dis:2)
  A blink frog (shapeshifter) (Depths:3)
  26 blink frogs
  6 ettin zombies
  An alligator zombie (Dis:3)
  A death drake skeleton (Crypt:1)
  A boulder beetle (Vaults:5)
  A griffon skeleton (Crypt:1)
  6 air elementals
  7 shadows
  A spriggan (shapeshifter) (Abyss:3)
  A spriggan skeleton (Depths:2)
  23 wraiths
  A redback (shapeshifter) (Vaults:4)
  13 redbacks
  20 spriggans
  3 ynoxinuls
  17 flying skulls
  4 tarantellas
  5 fire elementals
  41 yaks
  14 large abominations
  6 water elementals
  2 vampires
  14 hippogriffs
  11 golden eyes
  3 wyverns
  2 yaks (shapeshifter)
  3 basilisks
  8 chaos spawn
  Grum (Lair:1)
  7 fire bats
  2 neqoxecs
  2 swamp worms (shapeshifter)
  12 vampire mosquitoes
  4 mottled dragons
  47 nagas
  A spriggan simulacrum (Depths:2)
  An insubstantial wisp (WizLab)
  6 wargs
  2 spatial vortices (WizLab)
  Edmund (D:4)
  10 porcupines
  A spiny frog zombie (Hell)
  49 hell hounds
  19 water moccasins
  A monstrous demonspawn skeleton (Crypt:1)
  3 giant eyeballs
  A giant eyeball (shapeshifter) (Vaults:5)
  A spiny frog skeleton (Hell)
  A sky beast (shapeshifter) (Depths:4)
  8 wasps
  4 sky beasts
  51 orc warriors
  2 elf zombies
  A hornet simulacrum (D:15)
  9 black bears
  11 eyes of draining
  9 necrophages
  3 phantoms
  19 ice beasts
  16 small abominations
  6 boggarts
  72 ogres
  27 centaurs
  3 orc skeletons
  A snapping turtle skeleton (Dis:2)
  33 wolves
  19 crocodiles
  2 manticore skeletons
  2 swamp dragon skeletons
  3 big kobolds
  A dryad zombie (Crypt:1)
  A giant frog (shapeshifter) (Vaults:5)
  3 earth elementals (Elf:3)
  18 giant frogs
  A yaktaur skeleton (Crypt:3)
  2 spiny frog simulacra (Hell)
  20 killer bees
  4 scorpions
  A raiju skeleton (WizLab)
  A boulder beetle zombie (Vaults:1)
  A troll skeleton (Crypt:3)
  26 wights
  8 electric eels
  4 centaur zombies
  10 crimson imps
  4 quasits
  2 human simulacra
  10 hounds
  37 jellies
  4 giant frog zombies
  3 gnoll shamans (D:10)
  26 orc priests
  2 giant frog skeletons (D:13)
  9 iguanas
  14 iron imps
  A black bear skeleton (Crypt:3)
  Natasha (thrice) (D:4)
  A hell rat (Hell)
  26 orc wizards
  A porcupine skeleton (Crypt:3)
  5 worker ants
  A killer bee zombie (D:5)
  54 sheep
  A naga zombie (Dis:3)
  A big kobold skeleton (Crypt:2)
  4 hound skeletons
  12 mummies
  A worker ant zombie (D:10)
  7 gnolls (D:10)
  2 howler monkey skeletons
  11 adders
  59 river rats
  7 shadow imps
  3 white imps
  4 ufetubi
  An adder zombie (D:9)
  A sheep skeleton (Crypt:2)
  3 worms
  4 dart slugs
  6 giant geckos
  128 orcs
  9 bats
  10 giant cockroaches
  8 goblins
  12 hobgoblins
  11 jackals
  29 kobolds
  6 quokkas
  11 ball pythons
  5 giant newts
  A jackal skeleton (D:5)
  A jackal zombie (D:6)
  A kobold zombie (Dis:2)
  An orc zombie (Dis:4)
  3 quokka skeletons
  24 rats
  2 crawling corpses
  2 fire vortices (Depths:2)
  5 fungi
  A lost soul (Crypt:2)
  2 pillars of salt (Dis:3)
  4 plants
  A spectral weapon (Vaults:1)
  2 starspawn tentacles (Abyss:2)
  4 tentacles (Shoals:1)
3508 creatures vanquished.

Vanquished Creatures (collateral kills)
  Khufu (Tomb:1)
  A greater mummy (Tomb:1)
  Boris (Depths:4)
  A Killer Klown (Zot:5)
  A profane servitor (Crypt:3)
  A golden dragon (Depths:2)
  2 bone dragons
  An electric golem (Zot:5)
  Jory (Vaults:4)
  3 Orb Guardians (Zot:5)
  A quicksilver dragon (Vaults:5)
  A shadow dragon (Hell)
  2 sphinxes (Tomb:1)
  4 ancient champions (Crypt:3)
  A greater naga (Zig:9)
  A tengu reaver (Zig:8)
  A revenant (Crypt:3)
  A draconian monk (Zig:7)
  A fire giant (Vaults:3)
  Aizul (Snake:2)
  A frost giant (Depths:4)
  A vault warden (Vaults:5)
  A ghoul (Crypt:3)
  A balrug (Hell)
  2 ironheart preservers
  A spriggan defender (Depths:2)
  A reaper (Hell)
  A draconian annihilator (Zig:7)
  A salamander stormcaller (Hell)
  A yellow draconian (Abyss:3)
  A deep elf annihilator (Zig:8)
  A spark wasp (Depths:2)
  An ettin (Depths:4)
  A deep elf death mage (Vaults:1)
  A blizzard demon (Hell)
  A great orb of eyes (Slime:6)
  3 jiangshi (Crypt:3)
  A fire dragon (Depths:4)
  A vault guard (Vaults:3)
  A naga warrior (Snake:2)
  An ice dragon (Depths:2)
  A spriggan air mage (Depths:2)
  2 centaur warriors
  A merfolk aquamancer (Zig:9)
  A death knight (Zig:6)
  6 ogre magi
  3 tengu warriors (Depths:2)
  A vampire mage (Crypt:3)
  A hellephant zombie (Crypt:3)
  2 naga sharpshooters (Snake:2)
  An orc high priest (Vaults:1)
  A deep elf knight (Vaults:1)
  A soul eater (Depths:2)
  8 skeletal warriors
  A shadow wraith (Crypt:3)
  A giant orange brain (Depths:2)
  A hell knight (Depths:2)
  An unseen horror (Vaults:1)
  A naga ritualist (Snake:2)
  5 ironbrand convokers
  An anubis guard (Tomb:1)
  A starcursed mass (Abyss:3)
  A wizard (Depths:4)
  A necromancer (Depths:2)
  4 orc knights
  4 deep elf magi (Vaults:1)
  5 ugly things
  A griffon (Vaults:2)
  A fire giant zombie (Vaults:5)
  An orc sorcerer (Vaults:3)
  A stone giant skeleton (Vaults:5)
  A sixfirhy (Zot:5)
  An iron dragon skeleton (Crypt:3)
  3 naga magi
  A black mamba (Snake:2)
  An octopode (shapeshifter) (Zig:6)
  5 rust devils (Depths:2)
  A dire elephant skeleton (Crypt:3)
  7 yaktaurs
  A tormentor (D:14)
  2 freezing wraiths
  2 guardian mummies
  A ghost moth simulacrum (Crypt:3)
  2 ice devils (Hell)
  A red devil (Hell)
  A minotaur skeleton (Crypt:3)
  A bog body (Crypt:3)
  5 two-headed ogres
  An alligator zombie (Hell)
  A slime creature (Slime:6)
  A harpy skeleton (Tomb:1)
  A blink frog (Abyss:3)
  A stone giant simulacrum (Depths:2)
  2 large abominations (Abyss:3)
  2 vampires (Crypt:3)
  A wraith (Crypt:3)
  3 fire elementals (Hell)
  2 vampire mosquitoes (Vaults:3)
  6 nagas (Snake:2)
  A deep troll zombie (Crypt:3)
  An insubstantial wisp (WizLab)
  3 hell hounds
  A spiny frog zombie (Hell)
  7 orc warriors
  A centaur (Vaults:1)
  10 ogres
  2 orc priests
  An orc wizard (Vaults:3)
  4 hell rats (Hell)
  A killer bee zombie (Crypt:3)
  7 orcs
207 creatures vanquished.

Vanquished Creatures (others)
  2 deep elf master archers (Elf:3)
  An eldritch tentacle (Zot:5)
  A draconian scorcher (Zot:4)
  3 stone giants
  4 yaktaur captains
  A deep elf high priest (Elf:3)
  A juggernaut simulacrum (Depths:2)
  2 centaur warriors
  A satyr (Shoals:2)
  2 tengu warriors (Depths:2)
  6 naga sharpshooters
  A deep elf knight (Elf:3)
  11 deep elf archers
  A flayed ghost (Depths:3)
  A deep elf mage (Elf:3)
  An ugly thing (Abyss:3)
  A manticore (Shoals:3)
  7 cyclopes
  2 black mambas
  A worldbinder (WizLab)
  A yaktaur (shapeshifter) (Vaults:1)
  26 yaktaurs
  An ice devil (D:14)
  A starcursed mass (Abyss:3)
  A giant eyeball (shapeshifter) (Depths:2)
  A spriggan simulacrum (Depths:2)
  An ogre (Vaults:5)
  6 centaurs
  A killer bee (Abyss:3)
  A mummy (Tomb:1)
  A ball lightning (Depths:1)
  2 orcs
  A bush (Lair:2)
  1710 eldritch tentacle segments
  17 fungi
  4 lost souls
  6 pillars of salt
  9 plants
  56 starspawn tentacle segments (Abyss:2)
  7 tentacles
  1216 tentacle segments
3119 creatures vanquished.

Grand Total: 6834 creatures vanquished

Notes
Turn   | Place    | Note
--------------------------------------------------------------
     0 | D:1      | Tiruin the Formicid Fighter began the quest for the Orb.
     0 | D:1      | Reached XP level 1. HP: 18/18 MP: 1/1
    31 | D:1      | Reached XP level 2. HP: 24/24 MP: 2/2
   453 | D:2      | Reached XP level 3. HP: 29/29 MP: 3/3
   523 | D:2      | Found an ancient bone altar of Kikubaaqudgha.
   582 | D:2      | Reached skill level 4 in Shields
  1004 | D:2      | Found a shadowy altar of Dithmenos.
  1198 | D:2      | Reached XP level 4. HP: 27/35 MP: 4/4
  1237 | D:2      | Found a radiant altar of Vehumet.
  1894 | D:3      | Reached XP level 5. HP: 42/42 MP: 5/5
  2293 | D:3      | Found an iron altar of Okawaru.
  2302 | D:3      | Found a sparkling altar of Nemelex Xobeh.
  2432 | D:4      | Noticed Edmund
  2441 | D:4      | Killed Edmund
  2441 | D:4      | Reached XP level 6. HP: 41/49 MP: 6/6
  2504 | D:4      | Found a glowing drain.
  2519 | Sewer    | Entered a sewer
  2657 | Sewer    | Reached skill level 5 in Shields
  3096 | Sewer    | Reached XP level 7. HP: 42/55 MP: 7/7
  3275 | Sewer    | Reached skill level 5 in Long Blades
  3382 | Sewer    | Reached skill level 5 in Fighting
  3714 | D:4      | Found a staircase to the Ecumenical Temple.
  3723 | Temple   | Entered the Ecumenical Temple
  3776 | Temple   | Became a worshipper of the Shining One
  3916 | D:4      | Noticed Natasha
  3937 | D:4      | Killed Natasha
  4247 | D:4      | Found a basalt altar of Yredelemnul.
  4447 | D:4      | Noticed Natasha
  4461 | D:4      | Killed Natasha
  4648 | D:4      | Noticed Natasha
  4658 | D:4      | Killed Natasha
  4658 | D:4      | Reached XP level 8. HP: 31/63 MP: 8/8
  4716 | D:5      | Entered Level 5 of the Dungeon
  4965 | D:5      | Reached skill level 5 in Armour
  5030 | D:5      | Reached * piety under the Shining One
  5157 | D:5      | Reached skill level 6 in Shields
  6295 | D:6      | Reached XP level 9. HP: 69/69 MP: 9/9
  6667 | D:6      | Reached ** piety under the Shining One
  6667 | D:6      | Reached skill level 7 in Shields
  7992 | D:7      | Noticed Tiruin's ghost (novice FoFi)
  8058 | D:7      | Killed Tiruin's ghost
  8058 | D:7      | Reached skill level 8 in Shields
  8058 | D:7      | Reached XP level 10. HP: 15/79 MP: 10/10
  8548 | D:7      | Reached skill level 1 in Dodging
  8903 | D:8      | Found a burning altar of Makhleb.
  9200 | D:8      | Found a snail-covered altar of Cheibriados.
  9286 | D:8      | Reached *** piety under the Shining One
  9416 | D:8      | Found Ydoweeveck's Distillery.
  9510 | D:8      | Bought a potion of mutation for 27 gold pieces
  9510 | D:8      | Bought a potion of might for 44 gold pieces
 10002 | D:9      | Reached skill level 9 in Shields
 10314 | D:9      | Reached XP level 11. HP: 65/85 MP: 11/11
 10561 | D:9      | Gained mutation: You possess an exceptional clarity of mind. [mutagenic meat]
 10564 | D:9      | Gained mutation: Your spells are a little easier to cast, but a little less powerful. [potion of mutation]
 10564 | D:9      | Gained mutation: You have sharp fingernails. [potion of mutation]
 10564 | D:9      | Gained mutation: You are dopey. (Int -2) [potion of mutation]
 10566 | D:9      | Lost mutation: You are dopey. (Int -2) [mutagenic meat]
 10567 | D:9      | Gained mutation: You have large cloven feet. [mutagenic meat]
 10568 | D:9      | Gained mutation: You are covered in fur (AC +1). [mutagenic meat]
 10569 | D:9      | Gained mutation: You are resistant to hostile enchantments. [mutagenic meat]
 10638 | D:10     | Entered Level 10 of the Dungeon
 10674 | D:10     | Found a staircase to the Lair.
 10699 | D:10     | Reached **** piety under the Shining One
 10730 | D:10     | Reached skill level 10 in Long Blades
 11166 | Lair:1   | Entered Level 1 of the Lair of Beasts
 11370 | Lair:1   | Reached skill level 10 in Shields
 11576 | Lair:1   | Noticed Grum
 11617 | Lair:1   | Killed Grum
 11698 | Lair:1   | Noticed Gastronok
 11735 | Lair:1   | Killed Gastronok
 11735 | Lair:1   | Reached XP level 12. HP: 34/97 MP: 12/12
 12084 | Lair:2   | Reached skill level 5 in Dodging
 12150 | Lair:2   | Got an ancient rapier
 12179 | Lair:2   | Noticed a five-headed hydra
 12190 | Lair:2   | Identified the +0 rapier "Hell-Harrower" {holy, rElec rC+ Str-4} (You found it on level 2 of the Lair of Beasts)
 12215 | Lair:2   | Killed a five-headed hydra
 12215 | Lair:2   | Reached skill level 10 in Fighting
 12608 | Lair:2   | Reached skill level 11 in Shields
 12617 | Lair:2   | Found a dark tunnel.
 12624 | Lair:2   | Reached skill level 10 in Armour
 12645 | Volcano  | Entered a volcano
 13036 | Volcano  | Noticed a centaur warrior
 13040 | Volcano  | Killed a centaur warrior
 13158 | Lair:2   | Noticed Fannar
 13169 | Lair:2   | Killed Fannar
 14402 | D:11     | Reached ***** piety under the Shining One
 14664 | D:11     | Reached XP level 13. HP: 95/105 MP: 13/13
 14714 | D:11     | Found a staircase to the Orcish Mines.
 15442 | D:11     | Noticed Erolcha
 15453 | D:11     | Killed Erolcha
 15956 | Orc:1    | Entered Level 1 of the Orcish Mines
 15996 | Orc:1    | Noticed Josephine
 16017 | D:11     | Killed Josephine
 16023 | D:11     | Reached skill level 12 in Shields
 16750 | Orc:1    | Noticed an orc warlord
 17061 | Orc:1    | Killed an orc warlord
 17081 | Orc:1    | Noticed an orc warlord
 17113 | Orc:1    | Killed an orc warlord
 17603 | Orc:1    | Reached XP level 14. HP: 95/114 MP: 14/14
 17792 | Orc:1    | Identified a scroll of acquirement
 17899 | Orc:1    | You fall through a shaft!
 17899 | Orc:2    | Entered Level 2 of the Orcish Mines
 17945 | Orc:2    | Reached skill level 1 in Crossbows
 18472 | Orc:2    | Reached skill level 13 in Shields
 18492 | Orc:2    | Reached ****** piety under the Shining One
 18530 | Orc:2    | Found Ihoil's Magic Scroll Boutique.
 18540 | Orc:2    | Found Vaqu's Weapon Shoppe.
 19028 | Orc:2    | Found a staircase to the Elven Halls.
 19076 | Orc:2    | Found Zufayri's General Store.
 19094 | Orc:2    | Bought a potion of curing for 36 gold pieces
 19094 | Orc:2    | Bought a potion of curing for 36 gold pieces
 19096 | Orc:2    | Found Vaunil's Book Emporium.
 19100 | Orc:2    | Bought a scroll of identify for 32 gold pieces
 19100 | Orc:2    | Bought a scroll of enchant weapon for 120 gold pieces
 19100 | Orc:2    | Bought a scroll of identify for 32 gold pieces
 19561 | Elf:1    | Entered Level 1 of the Elven Halls
 19962 | Elf:1    | Reached XP level 15. HP: 122/122 MP: 15/15
 20346 | Elf:1    | Reached skill level 5 in Crossbows
 21274 | D:12     | Gained mutation: You are partially covered in thin metallic scales (AC +2). [mutagenic meat]
 21275 | D:12     | Lost mutation: Your spells are a little easier to cast, but a little less powerful. [mutagenic meat]
 21555 | Lair:3   | Noticed Snorg
 21581 | Lair:3   | Killed Snorg
 21652 | Lair:3   | Reached skill level 1 in Invocations
 21682 | Lair:3   | Reached skill level 14 in Shields
 22184 | Lair:4   | Found a frozen archway.
 22224 | IceCv    | Entered an ice cave
 22402 | Lair:4   | Noticed Maud
 22429 | Lair:4   | Killed Maud
 22976 | Lair:4   | Reached XP level 16. HP: 71/131 MP: 18/18
 23466 | Lair:5   | Found a staircase to the Shoals.
 24352 | Lair:6   | Reached skill level 1 in Stealth
 24384 | Lair:6   | Found a staircase to the Slime Pits.
 24425 | Lair:6   | Found a staircase to the Snake Pit.
 26433 | Lair:8   | Entered Level 8 of the Lair of Beasts
 26674 | Lair:8   | Reached skill level 5 in Invocations
 26747 | Lair:8   | Identified the Guide on Creation and Snow
 26874 | Lair:8   | Found a shimmering altar of Xom.
 27398 | Lair:7   | afk
 27635 | D:12     | Reached XP level 17. HP: 139/139 MP: 21/21
 27827 | D:12     | Reached skill level 10 in Dodging
 28198 | D:12     | Reached skill level 5 in Stealth
 28479 | D:13     | Found a gate to the Vaults.
 28621 | D:13     | Reached skill level 15 in Shields
 28655 | D:13     | Found Atteleysmy's Distillery.
 28665 | D:13     | Bought a potion of curing for 54 gold pieces
 28665 | D:13     | Bought 2 potions of lignification for 108 gold pieces
 28676 | D:13     | Noticed Urug
 28696 | D:13     | Killed Urug
 28995 | D:13     | Noticed Frances
 29022 | D:13     | Killed Frances
 29091 | D:13     | Learned a level 1 spell: Summon Butterflies
 29268 | Lair:2   | Learned a level 1 spell: Apportation
 29271 | Lair:2   | Learned a level 2 spell: Shroud of Golubria
 29276 | Lair:2   | Learned a level 4 spell: Passage of Golubria
 29280 | Lair:2   | Learned a level 3 spell: Portal Projectile
 29293 | Lair:2   | Learned a level 5 spell: Silence
 30128 | D:14     | Found a portal to a secret trove of treasure.
 30228 | D:15     | Entered Level 15 of the Dungeon
 30368 | D:15     | Noticed Roxanne
 30599 | D:15     | Killed Roxanne
 30637 | D:15     | Found an oddly glowing altar of Pakellas.
 31171 | D:15     | Found a staircase to the Depths.
 31676 | Snake:1  | Entered Level 1 of the Snake Pit
 31996 | Snake:1  | Worst scroll ever :I
 32340 | Snake:1  | Reached XP level 18. HP: 138/147 MP: 23/23
 32767 | Snake:2  | Noticed Vashnia
 32767 | Snake:2  | Noticed Saint Roka
 32810 | Snake:2  | Noticed Aizul
 33017 | Snake:1  | Killed Vashnia
 33150 | Snake:2  | Killed Aizul
 33551 | Snake:2  | Noticed Azrael
 33610 | Snake:2  | Killed Azrael
 33847 | Snake:2  | Killed Saint Roka
 34747 | Snake:3  | Reached skill level 16 in Shields
 35890 | Snake:4  | Entered Level 4 of the Snake Pit
 35916 | Snake:4  | Reached XP level 19. HP: 109/154 MP: 25/25
 35921 | Snake:4  | Reached skill level 15 in Fighting
 37622 | Snake:4  | Reached skill level 10 in Crossbows
 37839 | Snake:4  | Reached skill level 15 in Armour
 37871 | Snake:4  | Reached skill level 10 in Stealth
 38429 | Snake:4  | Got a serpentine rune of Zot
 38683 | Snake:4  | Reached skill level 10 in Invocations
 38683 | Snake:4  | Reached XP level 20. HP: 154/163 MP: 27/27
 39557 | Shoals:1 | Entered Level 1 of the Shoals
 39782 | Shoals:1 | Got a scorched great mace
 39783 | Shoals:1 | Identified the +3 great mace "Giant's Nightmare" {freeze, Dex+3 SInv} (You found it on level 1 of the Shoals)
 39932 | Shoals:1 | Reached skill level 15 in Long Blades
 41944 | Shoals:4 | Entered Level 4 of the Shoals
 42381 | Shoals:4 | Got a barnacled rune of Zot
 42720 | Vaults:1 | Entered Level 1 of the Vaults
 42722 | Vaults:1 | Noticed Asterion
 42752 | Vaults:1 | Killed Asterion
 42795 | Vaults:1 | Found Yczunas's Food Shoppe.
 43047 | Vaults:1 | Found a roughly hewn altar of Beogh.
 43348 | Vaults:1 | Reached XP level 21. HP: 170/170 MP: 29/29
 43506 | Vaults:1 | Noticed Norris
 43520 | Vaults:1 | Killed Norris
 43520 | Vaults:1 | Reached skill level 17 in Shields
 44364 | Vaults:2 | Found a staircase to the Crypt.
 44364 | Vaults:2 | Found an ancient bone altar of Kikubaaqudgha.
 44365 | Vaults:2 | Found a basalt altar of Yredelemnul.
 45243 | Vaults:2 | Learned a level 2 spell: Song of Slaying
 45619 | Vaults:2 | Found Qicacuobb's Book Emporium.
 45751 | Vaults:3 | Reached XP level 22. HP: 161/179 MP: 25/31
 46084 | Vaults:3 | Found a magical portal.
 46092 | WizLab   | Entered The Roulette of Golubria
 46094 | WizLab   | Found a corrupted altar of Lugonu.
 46389 | WizLab   | Found a corrupted altar of Lugonu.
 46486 | WizLab   | Identified Golubria's Compendium of Translocation
 46561 | WizLab   | Got a jewelled cloak
 46574 | WizLab   | Identified the cursed +0 cloak of Hangman {rF+ Dex+7} (You found it in a wizard's laboratory)
 46654 | WizLab   | Identified the Handbook of Dislocation (You found it in a wizard's laboratory)
 47829 | Vaults:4 | Reached skill level 18 in Shields
 48287 | Vaults:1 | Noticed Jorgrun
 48303 | Vaults:1 | Killed Jorgrun
 48935 | Vaults:4 | Reached XP level 23. HP: 187/187 MP: 32/32
 49305 | Vaults:4 | Found Jiucefyu's General Store.
 49376 | Vaults:4 | Bought a scroll of identify for 30 gold pieces
 49433 | Vaults:4 | Noticed Jory
 49440 | Vaults:4 | Killed Jory
 49950 | Elf:2    | Got a faintly glowing graven amulet
 49952 | Elf:2    | Identified the amulet "Mostutuc" {Gourm *Corrode rPois Str+8 Dex+4} (You found it on level 2 of the Elven Halls)
 50325 | Elf:2    | Found a runed gate.
 50330 | Elf:2    | Found a runed gate.
 50331 | Elf:2    | Found a runed gate.
 50858 | Elf:3    | Entered Level 3 of the Elven Halls
 51331 | Elf:3    | Got a steaming spear {pierce}
 51332 | Elf:3    | Identified the +5 spear "Qiuhut" {pierce, rC- Str+7 Dex+3 SInv} (You took it off a deep elf demonologist on level 3 of the Elven Halls)
 51492 | Elf:3    | Reached XP level 24. HP: 195/197 MP: 33/33
 51502 | Elf:3    | Found Panlurax's Food Boutique.
 51729 | Elf:3    | Got a shimmering granite ring
 51771 | Elf:3    | Identified the ring "Badupy" {MR+ Str+4} (You took it off a deep elf death mage on level 3 of the Elven Halls)
 52015 | Elf:3    | Reached skill level 19 in Shields
 52037 | Elf:3    | Got a dazzling scale mail
 52048 | Elf:3    | Identified the +6 scale mail "Misecyemu" {*Contam rElec SInv} (You took it off a deep elf blademaster on level 3 of the Elven Halls)
 52056 | Elf:3    | Gained mutation: You are weak. (Str -2) [mutagenic glow]
 52076 | Elf:3    | Got a bloodstained plate armour
 52087 | Elf:3    | Identified the cursed +1 plate armour of Sif Muna's Wrath {-Tele rF- rN+++ Int+7} (You found it on level 3 of the Elven Halls)
 52169 | Orc:2    | Bought the +5 great sword "Ohuduras" {flame, rF+ MR+} for 788 gold pieces
 52175 | Orc:2    | Bought a scroll of magic mapping for 42 gold pieces
 52181 | Orc:2    | Bought a scroll of magic mapping for 56 gold pieces
 52186 | Orc:2    | Bought a book of Air for 630 gold pieces
 52381 | Lair:2   | Gained mutation: Your mind is acute. (Int +2) [potion of beneficial mutation]
 52383 | Lair:2   | Gained mutation: You are partially covered in yellow scales (AC +2). [potion of mutation]
 52383 | Lair:2   | Lost mutation: You are weak. (Str -2) [potion of mutation]
 52384 | Lair:2   | Drank a potion of Beneficial Mutation. 3/5, generic brands are better.
 52482 | Orc:2    | Learned a level 2 spell: Swiftness
 52696 | Elf:3    | Reached skill level 1 in Summonings
 52765 | Elf:3    | Got a citrine-encrusted chain mail
 52776 | Elf:3    | Identified the cursed +0 chain mail of Inviolability {Int+3 Dex-5} (You found it on level 3 of the Elven Halls)
 52788 | Elf:3    | Got a translucent hat
 52888 | Elf:3    | Got a twisted longbow
 52889 | Elf:3    | Identified the +3 longbow "Quys" {speed, rC+} (You found it on level 3 of the Elven Halls)
 53561 | Depths:1 | Entered Level 1 of the Depths
 53561 | Depths:1 | Found a one-way gate to the infinite horrors of the Abyss.
 53561 | Depths:1 | Found Pebaahu's Weapon Shoppe.
 53566 | Depths:1 | Reached skill level 1 in Spellcasting
 53650 | Depths:1 | Found Vige's Weapon Boutique.
 53665 | Depths:1 | Found Casmumit's Antique Armour Boutique.
 53671 | Depths:1 | Bought an ancient leather armour for 140 gold pieces
 53681 | Depths:1 | Identified the +2 leather armour of the Turtle {rC+} (You bought it in a shop on level 1 of the Depths)
 53900 | Depths:1 | Found a gateway to Hell.
 54225 | Depths:1 | Found Wofra's Gadget Boutique.
 54315 | Depths:1 | Found a runed door.
 54357 | Depths:1 | HP: 1/197 [Ice Fiend/bolt of cold[an orange crystal statue] (45)]
 55082 | Depths:1 | Found a gateway to a ziggurat.
 55437 | Depths:2 | Found an opulent altar of Gozag.
 55446 | Depths:2 | Got a pair of faintly humming boots
 55447 | Depths:2 | Identified the cursed -4 pair of boots "Egumem" {rF- MR+++ Int+3} (You found it on level 2 of the Depths)
 55486 | Depths:2 | Noticed a golden dragon
 55505 | Depths:2 | Killed a golden dragon
 55512 | Depths:2 | Reached skill level 15 in Invocations
 55520 | Depths:2 | You fall through a shaft for 2 floors!
 55520 | Depths:4 | Found Rainenent's Distillery.
 55520 | Depths:4 | Noticed Boris
 55524 | Depths:4 | Noticed Mara
 55532 | Depths:4 | Noticed Tiruin's illusion
 55533 | Depths:4 | Killed Mara
 55537 | Depths:4 | Reached XP level 25. HP: 138/205 MP: 8/34
 55544 | Depths:4 | Killed Boris
 55556 | Depths:4 | Bought a potion of mutation for 35 gold pieces
 55556 | Depths:4 | Bought a potion of might for 56 gold pieces
 55556 | Depths:4 | Bought a potion of heal wounds for 70 gold pieces
 56087 | Depths:4 | Found a one-way gate leading to the halls of Pandemonium.
 56255 | Depths:4 | Noticed a caustic shrike
 56270 | Depths:4 | Killed a caustic shrike
 56319 | Depths:4 | Got a shimmering lead ring
 56324 | Depths:4 | Identified the ring of Yvit {MR+ Str+4 Int+4 Dex+6 Stlth+} (You took it off a frost giant on level 4 of the Depths)
 56390 | Depths:4 | Noticed a juggernaut
 56398 | Depths:4 | Killed a juggernaut
 56398 | Depths:4 | Reached skill level 1 in Charms
 56583 | Depths:4 | Identified the Papyrus of Mutagenic Intoxication
 57004 | Depths:4 | Noticed a caustic shrike
 57027 | Depths:4 | Killed a caustic shrike
 57106 | Depths:4 | Reached skill level 5 in Spellcasting
 57330 | Depths:4 | You fall through a shaft!
 57330 | Depths:5 | Entered Level 5 of the Depths
 57459 | Depths:5 | Reached skill level 15 in Dodging
 57779 | Depths:3 | Noticed Boris
 57822 | Depths:4 | Killed Boris
 58048 | Depths:3 | Reached XP level 26. HP: 213/213 MP: 34/34
 59158 | Depths:3 | Reached skill level 20 in Shields
 60096 | D:14     | You paid a toll of 18 potions of curing to enter a treasure trove
 60097 | Trove    | Entered a treasure trove
 60104 | Trove    | Got a pitted wooden ring
 60126 | Trove    | Got a vibrating wooden ring
 60128 | Trove    | Got a scintillating steel ring
 60132 | Trove    | Identified the ring of Contentment {rF+ rC- Str+6} (You found it in a treasure trove)
 60134 | Trove    | Identified the ring "Ydoh" {rElec EV+4 Dex-2 Slay+3} (You found it in a treasure trove)
 60136 | Trove    | Identified the ring of Vuux {MR+ Dex+2} (You found it in a treasure trove)
 60419 | Depths:2 | Reached skill level 5 in Charms
 61143 | Depths:2 | Found an oddly glowing altar of Pakellas.
 61419 | Depths:2 | Found an ancient bone altar of Kikubaaqudgha.
 61463 | Depths:2 | Found a sacrificial altar of Ru.
 62276 | Depths:2 | Got a steaming scale mail
 62287 | Depths:2 | Identified the +2 scale mail of Distant Shores {Regen+} (You found it on level 2 of the Depths)
 62440 | Depths:4 | Reached XP level 27. HP: 222/222 MP: 35/35
 62931 | Depths:5 | Found a gate to the Realm of Zot.
 63883 | Lair:2   | Gained mutation: Your natural rate of healing is unusually fast. [potion of mutation]
 63883 | Lair:2   | Lost mutation: You are resistant to hostile enchantments. [potion of mutation]
 63884 | Lair:2   | Lost mutation: You possess an exceptional clarity of mind. [potion of mutation]
 63884 | Lair:2   | Gained mutation: You are covered in thick fur (AC +2). [potion of mutation]
 63884 | Lair:2   | Gained mutation: Your mind is very acute. (Int +4) [potion of mutation]
 63885 | Lair:2   | Gained mutation: You are clumsy. (Dex -2) [potion of mutation]
 63886 | Lair:2   | Lost mutation: You are partially covered in yellow scales (AC +2). [potion of mutation]
 63886 | Lair:2   | Gained mutation: You are very clumsy. (Dex -4) [potion of mutation]
 63887 | Lair:2   | Gained mutation: Your skin changes colour to match your surroundings (Stealth). [potion of mutation]
 63887 | Lair:2   | Lost mutation: You are partially covered in thin metallic scales (AC +2). [potion of mutation]
 63887 | Lair:2   | Gained mutation: Your spells are a little harder to cast, but a little more powerful. [potion of mutation]
 63976 | Slime:1  | Entered Level 1 of the Pits of Slime
 64086 | Slime:1  | Gained mutation: Potions and wands are less effective at restoring your health. [a shining eye]
 64087 | Slime:1  | Lost mutation: Your mind is very acute. (Int +4) [a shining eye]
 65749 | Slime:3  | Reached skill level 1 in Translocations
 66580 | Slime:4  | Gained mutation: Your magical capacity is low (-10% MP). [a shining eye]
 66600 | Slime:3  | Lost mutation: Your spells are a little harder to cast, but a little more powerful. [a shining eye]
 67056 | Slime:4  | Gained mutation: You are frail (-10% HP). [a shining eye]
 67059 | Slime:4  | Gained mutation: You are weak. (Str -2) [a shining eye]
 67658 | Slime:5  | Gained mutation: You expend magic power (3 MP) to strengthen your wands. [a shining eye]
 68120 | Slime:3  | Lost mutation: Your mind is acute. (Int +2) [a shining eye]
 68499 | Slime:6  | Entered Level 6 of the Pits of Slime
 68598 | Slime:6  | Noticed Arglure's ghost (veteran HaAs)
 68612 | Slime:6  | Killed Arglure's ghost
 68790 | Slime:6  | Gained mutation: Scrolls take you a little longer to read. [a shining eye]
 69203 | Lair:2   | Lost mutation: You have large cloven feet. [potion of cure mutation]
 69203 | Lair:2   | Lost mutation: Your magical capacity is low (-10% MP). [potion of cure mutation]
 69203 | Lair:2   | Lost mutation: Scrolls take you a little longer to read. [potion of cure mutation]
 69203 | Lair:2   | Lost mutation: You are frail (-10% HP). [potion of cure mutation]
 69204 | Lair:2   | Lost mutation: You expend magic power (3 MP) to strengthen your wands. [potion of cure mutation]
 69204 | Lair:2   | Lost mutation: You have sharp fingernails. [potion of cure mutation]
 69204 | Lair:2   | Lost mutation: You are weak. (Str -2) [potion of cure mutation]
 69204 | Lair:2   | Lost mutation: You are very clumsy. (Dex -4) [potion of cure mutation]
 69204 | Lair:2   | Lost mutation: Your natural rate of healing is unusually fast. [potion of cure mutation]
 69205 | Lair:2   | Lost mutation: You are clumsy. (Dex -2) [potion of cure mutation]
 69205 | Lair:2   | Lost mutation: You are covered in thick fur (AC +2). [potion of cure mutation]
 69205 | Lair:2   | Lost mutation: You are covered in fur (AC +1). [potion of cure mutation]
 69205 | Lair:2   | Lost mutation: Your skin changes colour to match your surroundings (Stealth). [potion of cure mutation]
 69505 | Slime:6  | Found a viscous altar of Jiyva.
 69505 | Slime:6  | Noticed the Royal Jelly
 69511 | Slime:6  | Was placed under penance by the Shining One
 69561 | Slime:6  | Killed the Royal Jelly
 69602 | Slime:6  | Gained mutation: Armour fits poorly on your strangely shaped body. [a shining eye]
 70038 | Slime:6  | Got a crystal shortbow
 70045 | Slime:6  | Identified Puiso's Volume of Creative Conjuration
 70087 | Slime:6  | Lost mutation: Potions and wands are less effective at restoring your health. [a shining eye]
 70266 | Lair:2   | Identified the +6 shortbow of the Purse {venom, +Blink rF- Int+2} (You found it on level 6 of the Pits of Slime)
 70444 | Slime:6  | Got a pitted spear
 70445 | Slime:6  | Identified the +6 spear of the Mind {pierce, Dex+3} (You found it on level 6 of the Pits of Slime)
 70450 | Slime:6  | Got a shimmering morningstar
 70451 | Slime:6  | Identified the cursed +3 morningstar of Mewno {pain, rPois Str-2 Dex+3} (You found it on level 6 of the Pits of Slime)
 70489 | Slime:6  | Got a tattered robe
 70543 | Slime:6  | Identified the +1 robe of the Seven Realms {rCorr} (You found it on level 6 of the Pits of Slime)
 70568 | Slime:6  | Got a shimmering chain mail
 70579 | Slime:6  | Identified the +0 chain mail of Dishonesty {rElec rF+} (You found it on level 6 of the Pits of Slime)
 70615 | Slime:6  | Got a faintly glowing short sword
 70616 | Slime:6  | Identified the cursed +3 short sword of Puuxat {venom, Str+2} (You found it on level 6 of the Pits of Slime)
 70805 | Lair:2   | Learned a level 5 spell: Aura of Abjuration
 70996 | Slime:6  | Got a slimy rune of Zot
 71544 | Crypt:1  | Entered Level 1 of the Crypt
 72336 | Crypt:1  | Reached skill level 15 in Stealth
 72390 | Crypt:1  | Was forgiven by the Shining One
 72391 | Crypt:1  | Praise be!
 72418 | Crypt:1  | Got a crude lapis lazuli ring
 72420 | Crypt:1  | Identified the ring "Quawnash" {+Fly Dex+6 Stlth+} (You found it on level 1 of the Crypt)
 72540 | Crypt:2  | Reached skill level 21 in Shields
 72962 | Crypt:2  | Got a transparent cloak
 72973 | Crypt:2  | Identified the +0 cloak of Imperfection {rPois rF+} (You acquired it on level 2 of the Crypt)
 73542 | Crypt:3  | Entered Level 3 of the Crypt
 73753 | Crypt:3  | Reached skill level 5 in Translocations
 73831 | Crypt:3  | Found an ancient bone altar of Kikubaaqudgha.
 73831 | Crypt:3  | Found a basalt altar of Yredelemnul.
 74090 | Crypt:3  | Found a staircase to the Tomb.
 74409 | Crypt:3  | Got a scorched whip
 74410 | Crypt:3  | Identified the cursed +0 whip "Soloazysk" {flame, rC+ MP+9 Str+4} (You found it on level 3 of the Crypt)
 74419 | Crypt:3  | Identified Zepoa's Collected Works on Glacial Enhancements (You found it on level 3 of the Crypt)
 74426 | Crypt:3  | Learned a level 5 spell: Metabolic Englaciation
 74573 | Tomb:1   | Entered Level 1 of the Tomb of the Ancients
 74682 | Tomb:1   | Got a colourful robe
 74693 | Tomb:1   | Identified the +1 robe "Xoatz" {rCorr Dex-2 Slay+3} (You found it on level 1 of the Tomb of the Ancients)
 74755 | Tomb:1   | Noticed Sojobo
 74768 | Tomb:1   | Killed Sojobo
 74790 | Tomb:1   | Noticed a greater mummy
 74795 | Tomb:1   | Killed a greater mummy
 74866 | Tomb:1   | Noticed Khufu
 74879 | Tomb:1   | Killed Khufu
 74881 | Tomb:1   | Noticed a greater mummy
 76030 | Vaults:4 | Reached skill level 10 in Spellcasting
 76154 | Vaults:5 | Entered Level 5 of the Vaults
 76881 | Vaults:5 | Got a twitching zirconium amulet
 76883 | Vaults:5 | Identified the amulet "Wiseoxkoezo" {Harm *Drain rElec Str+4} (You found it on level 5 of the Vaults)
 77175 | Vaults:5 | Noticed Mennas
 77212 | Vaults:5 | Killed Mennas
 77233 | Vaults:5 | Gained mutation: You have very sharp teeth. [mutagenic meat]
 77234 | Vaults:5 | Gained mutation: Your body sometimes deteriorates upon taking damage. [mutagenic meat]
 77235 | Vaults:5 | Gained mutation: You are resistant to hostile enchantments. [mutagenic meat]
 77341 | Vaults:5 | Identified a triple sword of holy wrath (a vampiric triple sword blessed by the Shining One)
 77341 | Vaults:5 | Received a gift from the Shining One
 77358 | Vaults:5 | Gained mutation: You are weak. (Str -2) [potion of mutation]
 77358 | Vaults:5 | Gained mutation: You occasionally shout uncontrollably at your foes. [potion of mutation]
 77364 | Vaults:5 | Identified the Compendium of Ice and Flames
 77370 | Vaults:5 | Got a silver rune of Zot
 77476 | Vaults:5 | Gained mutation: You evolve. [mutagenic meat]
 77477 | Vaults:5 | Gained mutation: Your body often deteriorates upon taking damage. [mutagenic meat]
 77478 | Vaults:5 | Gained mutation: Your magical capacity is low (-10% MP). [mutagenic meat]
 77564 | Vaults:5 | Gained mutation: You are resistant to electric shocks. [mutagenic meat]
 77575 | Vaults:5 | Lost mutation: Your magical capacity is low (-10% MP). [mutagenic meat]
 77576 | Vaults:5 | Lost mutation: Armour fits poorly on your strangely shaped body. [mutagenic meat]
 77581 | Vaults:5 | Gained mutation: Your movements are slightly less encumbered by armour (ER -2). [mutagenic meat]
 77582 | Vaults:5 | Gained mutation: You are frail (-10% HP). [mutagenic meat]
 78256 | D:13     | Bought a potion of cure mutation for 450 gold pieces
 78256 | D:13     | Bought a potion of mutation for 45 gold pieces
 78256 | D:13     | Lost mutation: You have very sharp teeth. [potion of mutation]
 78257 | D:13     | Lost mutation: You are weak. (Str -2) [potion of cure mutation]
 78257 | D:13     | Lost mutation: You occasionally shout uncontrollably at your foes. [potion of cure mutation]
 78257 | D:13     | Lost mutation: You are resistant to electric shocks. [potion of cure mutation]
 78257 | D:13     | Lost mutation: Your body often deteriorates upon taking damage. [potion of cure mutation]
 78257 | D:13     | Lost mutation: Your body sometimes deteriorates upon taking damage. [potion of cure mutation]
 79046 | Vaults:5 | Got a bloodstained buckler
 79057 | Vaults:5 | Identified the +1 buckler of Ceigas {rElec Dex+3} (You found it on level 5 of the Vaults)
 79671 | Depths:1 | Gained mutation: You are highly resistant to hostile enchantments. [evolution]
 80311 | Zig:1    | Entered Level 1 of a ziggurat
 80350 | Zig:2    | Entered Level 2 of a ziggurat
 80495 | Zig:3    | Entered Level 3 of a ziggurat
 80546 | Zig:4    | Entered Level 4 of a ziggurat
 80590 | Zig:5    | Entered Level 5 of a ziggurat
 80894 | Zig:5    | Got an agate-encrusted ring mail
 80910 | Zig:5    | Identified the cursed +0 ring mail of Repulsion {rElec Str+3 Int+2} (You found it on level 5 of a ziggurat)
 80924 | Zig:6    | Entered Level 6 of a ziggurat
 81096 | Zig:7    | Entered Level 7 of a ziggurat
 81183 | Zig:7    | Got a jewelled morningstar
 81185 | Zig:7    | Identified the +7 morningstar of Ewosaubb {holy, rF- MR++ Str+6} (You found it on level 7 of a ziggurat)
 81195 | Zig:8    | Entered Level 8 of a ziggurat
 81297 | Zig:8    | Identified a +2 rod of inaccuracy (14/14) (You found it on level 8 of a ziggurat)
 81301 | Zig:8    | Got an ancient dagger
 81309 | Zig:8    | Identified the +7 dagger "Ant's Peril" {flame, rF+} (You found it on level 8 of a ziggurat)
 81329 | Zig:9    | Entered Level 9 of a ziggurat
 81345 | Zig:9    | Noticed an ancient lich
 81358 | Zig:9    | Killed an ancient lich
 81757 | Zig:9    | Gained mutation: You rapidly evolve. [potion of beneficial mutation]
 81764 | Zig:9    | Got a flickering bone ring
 81766 | Zig:9    | Identified the ring "Giewn" {rC++ Str+2 Int-3 Stlth+} (You found it on level 9 of a ziggurat)
 81796 | Zig:9    | Got an ichor-stained flail
 81797 | Zig:9    | Identified the +6 flail of Beogh's Delight {freeze, rPois rF++ MR+ Str-5} (You found it on level 9 of a ziggurat)
 81810 | Zig:9    | Reached skill level 22 in Shields
 82023 | Hell     | Entered the Vestibule of Hell
 82023 | Hell     | Noticed Geryon
 82046 | Hell     | Killed Geryon
 82140 | Hell     | Found a gateway to the decaying netherworld of Tartarus.
 82219 | Hell     | Found a gateway to the freezing wastes of Cocytus.
 82263 | Hell     | Found a gateway to the ashen valley of Gehenna.
 82408 | Hell     | Found a gateway to the Iron City of Dis.
 82780 | Temple   | Fell from the grace of the Shining One
 82780 | Temple   | Became a worshipper of Zin the Law-Giver
 82780 | Temple   | Reached * piety under Zin
 82780 | Temple   | Reached ** piety under Zin
 82780 | Temple   | Reached *** piety under Zin
 82780 | Temple   | Reached **** piety under Zin
 82780 | Temple   | Reached ***** piety under Zin
 83609 | Dis:1    | Entered Level 1 of the Iron City of Dis
 84397 | Dis:2    | Gained mutation: Potions and wands are less effective at restoring your health. [mutagenic glow]
 86859 | Zot:1    | Entered Level 1 of the Realm of Zot
 87407 | Zot:1    | Reached ****** piety under Zin
 87438 | Zot:1    | Got an ichor-stained chain mail
 87449 | Zot:1    | Identified the cursed +1 chain mail of Imperfection {*Confuse rN+ Int+5} (You found it on level 1 of the Realm of Zot)
 88879 | Zot:2    | Noticed an orb of fire
 88907 | Zot:2    | Killed an orb of fire
 89354 | Zot:2    | Noticed an orb of fire
 89377 | Zot:2    | Killed an orb of fire
 90233 | Zot:3    | Reached skill level 15 in Crossbows
 90508 | Zot:3    | Reached skill level 23 in Shields
 92032 | Zot:4    | Noticed an orb of fire
 92063 | Zot:4    | Killed an orb of fire
 93630 | Temple   | Fell from the grace of Zin
 93630 | Temple   | Became a worshipper of the Shining One
 93880 | Depths:1 | Voluntarily entered the Abyss.
 93881 | Abyss:1  | Found a corrupted altar of Lugonu.
 94256 | Abyss:3  | Lost mutation: You are frail (-10% HP). [mutagenic meat]
 94757 | Abyss:3  | Got an abyssal rune of Zot
 94895 | Abyss:3  | Got a polished large shield
 94938 | Abyss:3  | Identified the +1 large shield of Riraamir {*Contam +Fly Str+7} (You took it off a daeva on level 3 of the Abyss)
 95039 | Depths:1 | Escaped the Abyss
 96257 | Zot:5    | Entered Level 5 of the Realm of Zot
 96463 | Zot:5    | Reached skill level 24 in Shields
 96793 | Zot:5    | Noticed an orb of fire
 96795 | Zot:5    | Gained mutation: You occasionally shout uncontrollably at your foes. [an orb of fire]
 96805 | Zot:5    | Gained mutation: Your magical capacity is low (-10% MP). [an orb of fire]
 96806 | Zot:5    | Killed an orb of fire
 96929 | Zot:5    | Got the Orb of Zot
 96962 | Zot:5    | Noticed an orb of fire
 96974 | Zot:5    | Killed an orb of fire
 97011 | Zot:5    | Lost mutation: Potions and wands are less effective at restoring your health. [evolution]
 97128 | Depths:5 | Noticed Metuex the pandemonium lord
 97149 | Depths:5 | Killed Metuex the pandemonium lord
 97175 | Depths:5 | Noticed Hitt the pandemonium lord
 97175 | Depths:5 | Noticed an ancient lich
 97280 | D:14     | Noticed Cufre the pandemonium lord
 97617 | D:$      | Escaped with the Orb!

Skill      XL: |  1  2  3  4  5  6  7  8  9 10 11 12 13 14 15 16 17 18 19 20 21 22 23 24 25 26 27 |
---------------+----------------------------------------------------------------------------------+-----
Shields        | 4 5 6 8 9 10 11 12 13 14 15 16 17 18 19 20 24 | 24.6
Long Blades    | 3 4 5 6 8 9 10 11 12 13 14 15 16 17 18 21 | 21.9
Fighting       | 4 5 6 7 8 9 10 11 12 13 14 15 16 17 18 19 23 | 23.3
Armour         | 4 5 7 8 9 10 11 12 13 14 15 16 17 18 22 | 22.7
Dodging        | 2 4 6 7 8 9 10 11 12 13 14 15 19 | 19.4
Crossbows      | 4 6 7 8 9 10 11 15 | 15.0
Invocations    | 3 5 7 8 10 12 13 14 15 16 19 | 19.0
Stealth        | 4 7 8 10 11 12 20 | 20.0
Summonings     | 3 4 |  4.0
Spellcasting   | 3 5 7 11 | 11.0
Charms         | 3 6 7 |  7.0
Translocations | 8 |  8.0

Action                   |  1- 3 |  4- 6 |  7- 9 | 10-12 | 13-15 | 16-18 | 19-21 | 22-24 | 25-27 || total
-------------------------+-------+-------+-------+-------+-------+-------+-------+-------+-------++-------
Melee: Long sword        |   131 |   193 |   199 |       |       |       |       |       |       ||   523
       Dagger            |       |    93 |       |       |       |       |       |       |       ||    93
       Scimitar          |       |       |   220 |   764 |   365 |    43 |       |       |       ||  1392
       Flail             |       |       |     7 |       |       |       |       |       |       ||     7
       Kick              |       |       |       |   195 |   325 |   429 |   451 |   598 |   782 ||  2780
       Rapier            |       |       |       |    27 |       |       |       |       |       ||    27
       Great sword       |       |       |       |       |   688 |  1347 |  1286 |  1346 |  2820 ||  7487
       Triple sword      |       |       |       |       |       |       |       |       |  1500 ||  1500
       Eudemon blade     |       |       |       |       |       |       |       |       |    30 ||    30
       Bite              |       |       |       |       |       |       |       |       |    28 ||    28
 Fire: Arbalest          |       |       |       |       |    13 |   106 |   168 |   122 |  1091 ||  1500
Throw: Javelin           |       |       |     8 |     4 |    13 |     2 |     5 |    16 |       ||    48
       Tomahawk          |       |       |       |       |       |       |       |       |     4 ||     4
 Cast: Swiftness         |       |       |       |       |       |       |       |       |     4 ||     4
       Shroud of Golubri |       |       |       |       |       |       |       |       |     1 ||     1
       Passage of Golubr |       |       |       |       |       |       |       |       |     7 ||     7
       Song of Slaying   |       |       |       |       |       |       |       |       |     2 ||     2
Invok: Divine Shield     |       |       |       |       |       |     6 |       |     5 |    15 ||    26
       Summon Divine War |       |       |       |       |       |     4 |     9 |    10 |    36 ||    59
       Cleansing Flame   |       |       |       |       |       |     2 |     3 |     3 |    13 ||    21
       Recite            |       |       |       |       |       |       |       |       |    39 ||    39
       Vitalisation      |       |       |       |       |       |       |       |       |     3 ||     3
       Brand Weapon With |       |       |       |       |       |       |       |       |     1 ||     1
 Abil: Dig               |       |       |     2 |     5 |     3 |    10 |     6 |     3 |    53 ||    82
       Shaft Self        |       |       |       |       |       |       |       |     1 |       ||     1
Evoke: Wand              |       |       |     2 |     1 |       |       |     5 |     2 |    25 ||    35
       Sack of spiders   |       |       |       |       |       |       |     1 |       |    15 ||    16
       Phantom mirror    |       |       |       |       |       |       |       |     1 |       ||     1
  Use: Potion            |       |     1 |    13 |     9 |     4 |     2 |       |    11 |    44 ||    84
       Scroll            |       |       |    10 |    10 |     7 |     6 |    10 |    22 |    67 ||   132
 Stab: Distracted        |       |       |       |       |       |       |       |     1 |     4 ||     5
       Paralysed         |       |       |       |       |       |       |       |       |     1 ||     1
       Sleeping          |       |       |       |       |       |       |       |       |    11 ||    11
       Confused          |       |       |       |       |       |       |       |       |    10 ||    10
  Eat: Chunk             |     1 |     6 |    18 |    26 |    31 |    29 |     7 |    20 |    51 ||   189
       Fruit             |       |       |       |     2 |       |       |       |       |     7 ||     9
       Meat ration       |       |       |       |       |       |     3 |     6 |     2 |     4 ||    15
       Pizza             |       |       |       |       |       |     1 |       |       |     3 ||     4
       Beef jerky        |       |       |       |       |       |       |     1 |       |     2 ||     3
       Bread ration      |       |       |       |       |       |       |       |     1 |    22 ||    23
Armor: Scale mail        |    55 |       |       |    36 |    59 |       |       |       |       ||   150
       Ring mail         |     1 |   102 |   130 |    40 |       |       |       |       |       ||   273
       Troll leather arm |       |       |       |    84 |       |       |       |       |       ||    84
       Skin              |       |       |       |    53 |    12 |       |       |       |    45 ||   110
       Plate armour      |       |       |       |       |   144 |   286 |   253 |   228 |   587 ||  1498
       Gold dragon armou |       |       |       |       |       |       |       |       |   192 ||   192
Dodge: Dodged            |    40 |   105 |   143 |   295 |   234 |   266 |   223 |   272 |  1449 ||  3027
Block: Shield            |    68 |   160 |   241 |   479 |   191 |       |       |       |       ||  1139
       Large shield      |       |       |       |       |   622 |  1792 |  1616 |  1707 |  5991 || 11728
       Reflection        |       |       |       |       |       |   144 |   167 |   214 |   211 ||   736
       Other             |       |       |       |       |       |       |       |       |     2 ||     2
